 Dungeon Crawl Stone Soup version 0.32-a0-422-g28b100f618 (webtiles) character file.

Game seed: 14572695652605804703

305 Dittersdorf the Covered (level 6, -9/39 HPs)
             Began as a Gargoyle Fighter on Feb 21, 2024.
             Mangled by a gnoll
             ... wielding a +0 halberd
              (10 damage)
             ... on level 3 of the Dungeon.
             The game lasted 00:01:39 (1795 turns).

Dittersdorf the Covered (Gargoyle Fighter)          Turns: 1795, Time: 00:01:40

Health: -9/39      AC: 11    Str: 21    XL:     6   Next: 39%
Magic:  6/6        EV:  9    Int:  9    God:
Gold:   112        SH:  4    Dex:  9    Spells: 5/5 levels left

rFire   . . .        a - +0 flail
rCold   . . .        c - +0 buckler
rNeg    + . .        b - +0 scale mail
rPois   ∞            (no helmet)
rElec   +            (no cloak)
rCorr   .            (no gloves)
SInv    .            (no boots)
Will    .....        (no amulet) Stlth
                     (no ring)
HPRegen 0.26/turn    (no ring)
MPRegen 0.10/turn

%: no passive effects
@: no status effects
A: sickness immunity, AC +4, negative energy resistance 1, electricity
resistance, torment resistance 1, petrification resistance
a: no special abilities


You were on level 3 of the Dungeon.
You visited 1 branch of the dungeon, and saw 3 of its levels.

You collected 112 gold pieces.

Inventory:

Hand Weapons
 a - a +0 flail (weapon)
Armour
 b - a +0 scale mail (worn)
 c - a +0 buckler (worn)
Jewellery
 g - a ring of fire
Scrolls
 e - 2 scrolls of amnesia {unknown}
 f - a scroll of blinking {unknown}
 k - a scroll of identify {unknown}
 l - a scroll of fog {unknown}
 o - a scroll of teleportation {unknown}
Potions
 d - a potion of might
 h - a potion of resistance {unknown}
 i - a potion of curing {unknown}
 j - a potion of berserk rage {unknown}
 m - a potion of ambrosia {unknown}
 n - a potion of lignification {unknown}
 p - a potion of heal wounds {unknown}


   Skills:
 + Level 4.7 Fighting
 + Level 3.6 Maces & Flails
 + Level 4.7 Armour
 + Level 4.7 Shields


You had 5 spell levels left.
You didn't know any spells.
Your spell library contained the following spells:

 Spells                   Type           Power      Damage    Failure   Level
 Ignite Poison            Fire/Alch      0%         N/A       100%        4
 Freezing Cloud           Conj/Ice/Air   0%         6-21      100%        5
 Cigotuvi's Dreadful Rot  Necr/Alch/Air  Unusable   N/A       N/A         2

Dungeon Overview and Level Annotations

Branches:
Dungeon (3/15)

Altars:
Qazlal


Innate Abilities, Weirdness & Mutations

You are immune to sickness and miasma.
Your stone body is resilient. (AC +4)
You are immune to poison.
You resist negative energy. (rN+)
You are resistant to electric shocks. (rElec)
You are resistant to unholy torment.
You are immune to petrification.


Message History

A gnoll comes into view. It is wielding a +0 spear.
The gnoll hits you from afar with a +0 halberd.
The gnoll hits you from afar with a +0 halberd.
The gnoll hits you from afar with a +0 halberd.
The gnoll hits you with a +0 flail! The gnoll hits you but does no damage.
The gnoll hits you from afar with a +0 spear.
The gnoll attacks as it pursues you! The gnoll hits you but does no damage.
The gnoll attacks as it pursues you! The gnoll hits you but does no damage.
The gnoll attacks as it pursues you! The gnoll hits you but does no damage.
You closely miss the gnoll. You block the gnoll's attack.
You barely miss the gnoll. The gnoll barely misses you.
You hit the gnoll.
The gnoll is moderately wounded.
The gnoll barely misses you.
You sock the gnoll!
You kill the gnoll!
The gnoll hits you but does no damage.
The gnoll hits you from afar with a +0 halberd!
* * * LOW HITPOINT WARNING * * *
You closely miss the gnoll. The gnoll misses you. You block the gnoll's attack.
You sock the gnoll!
The gnoll is severely wounded.
The gnoll closely misses you. The gnoll completely misses you.
You barely miss the gnoll.
The gnoll is severely wounded.
The gnoll hits you but does no damage. The gnoll barely misses you.
The gnoll hits you with a +0 flail.
* * * LOW HITPOINT WARNING * * *
You barely miss the gnoll.
The gnoll is severely wounded.
The gnoll barely misses you. x2; The gnoll hits you but does no damage.
You thump the gnoll!
You kill the gnoll!
The gnoll hits you from afar with a +0 halberd.
* * * LOW HITPOINT WARNING * * *
You block the gnoll's attack. The gnoll barely misses you.
Items here: )) ††.
You barely miss the gnoll. The gnoll hits you with a +0 halberd!
You die...

######### ##...#...##
##.<.......##
#.........!.#
.##########...........#
........@gg...........#
..##########<.......^##
##...#...## .....#####
#.....# #.....# ..#####
##


You could see 2 gnolls.

Vanquished Creatures
  Natasha (thrice) (D:2)
  7 gnolls
  5 adders (D:2)
  3 dart slugs
  A ribbon worm (D:2)
  6 endoplasms (D:1)
  A giant cockroach (D:1)
  6 goblins
  5 hobgoblins
  2 jackals (D:2)
  6 kobolds
  2 quokkas (D:2)
  7 ball pythons
  5 bats
  2 frilled lizards
  6 rats
  A spectral kobold (D:2)
68 creatures vanquished.

Notes
Turn   | Place    | Note
-------+----------+-------------------------------------------
     0 | D:1      | Dittersdorf the Gargoyle Fighter began the quest for the
                  | Orb.
     0 | D:1      | Reached XP level 1. HP: 14/14 MP: 1/1
    81 | D:1      | Reached XP level 2. HP: 19/19 MP: 2/2
   259 | D:1      | Reached XP level 3. HP: 23/23 MP: 3/3
   790 | D:2      | Reached XP level 4. HP: 29/29 MP: 4/4
   814 | D:2      | Found a faded altar of an unknown god.
   974 | D:2      | Noticed Natasha
   986 | D:2      | Killed Natasha
   987 | D:2      | Reached XP level 5. HP: 15/33 MP: 5/5
  1255 | D:2      | Noticed Natasha
  1272 | D:2      | Killed Natasha
  1321 | D:2      | Noticed Natasha
  1333 | D:2      | Killed Natasha
  1582 | D:2      | Reached XP level 6. HP: 38/39 MP: 6/6
  1647 | D:2      | Found a stormy altar of Qazlal.
  1793 | D:3      | HP: 1/39 [gnoll/+0 halberd (5)]
  1795 | D:3      | Mangled by a gnoll

Illustrated notes

Levels and vault maps discovered:
D:1:      nzn_arrival_settlement, layout_basic, chequers_jeans
D:2:      layout_loops_ring, dreamdust_ecumenical_altar_drowned_temple,
          basic_altar, cheibrodos_gnoll_hut, uniq_natasha
D:3:      layout_rooms, nicolae_overflow_ecumenical_swirl,
          mainiacjoe_sewer_entry_somewhere_in_here_1, serial_bayou_pond_d

Skill      XL: |  1  2  3  4 |
---------------+-------------+-----
Fighting       | 4 |  4.7
Armour         | 4 |  4.7
Shields        | 4 |  4.7
Maces & Flails | 3 |  3.6

Action                     |  1- 3 |  4- 6 || total
---------------------------+-------+-------++-------
  Melee: Flail             |    90 |   159 ||   249
 Armour: Scale mail        |    77 |   137 ||   214
  Dodge: Dodged            |    64 |    96 ||   160
  Block: Buckler           |    33 |    36 ||    69

Table legend: (Time is in decaauts)
 A = Elapsed time spent in this place.
 B = Non-inter-level travel time spent in this place.
 C = Inter-level travel time spent in this place.
 D = Time resting spent in this place.
 E = Time spent auto-exploring this place.
 F = Levels seen in this place.
 G = Mean time per level.
                   A        B        C        D        E       F      G
               +--------+--------+--------+--------+--------+-----+--------+
         Total |   1874 |   1831 |     43 |      0 |   1309 |   3 |  624.7 |
       Dungeon |   1874 |   1831 |     43 |      0 |   1309 |   3 |  624.7 |
               +--------+--------+--------+--------+--------+-----+--------+

Top non-repeatable levels by time:
     D:2: 1027 daAuts
     D:1: 819 daAuts
     D:3: 27 daAuts
